TOP OF THE 1ST |
University of North Carolina at Chapel Hill Tar Heels batting - Pitching for UCLA Bruins : LHP Tyler Finn
|
Pitching: LHP Tyler Finn
|
|
Batting: RHB Bill Atley
|
0-0: Ball 1-0: Ball 2-0: Called Strike 2-1: Foul Ball, location: 2F 2-2: Foul Ball, location: 2F 2-2: Foul Ball, location: 2F 2-2: Foul Ball, location: 2F 2-2: Ball 3-2: Ground out 1-3 (Groundball, 13, EV 68.1 MPH)
|
Batting: LHB Ryan Young
|
0-0: Fly out, F8 (Flyball, 8LD, EV 103.8 MPH)
|
Batting: RHB Tan Halit
|
0-0: Called Strike 0-1: Ball 1-1: Foul Ball, location: 2F 1-2: SINGLE (Groundball, 34D, EV 103.1 MPH)
|
Batting: SHB Jim Saxon
|
0-0: Called Strike 0-1: Ball 1-1: Ball 2-1: Foul Ball, location: 2F 2-2: Ball 3-2: Fly out, F7 (Flyball, 7S, EV 90.0 MPH)
|
Top of the 1st over - 0 runs, 1 hit, 0 errors, 1 left on base; University of North Carolina at Chapel Hill 0 - UCLA 0 |
BOTTOM OF THE 1ST |
UCLA Bruins batting - Pitching for University of North Carolina at Chapel Hill Tar Heels : RHP Berry Dow
|
Pitching: RHP Berry Dow
|
|
Batting: LHB Luis Ortegon
|
0-0: Ball 1-0: Called Strike 1-1: Ball 2-1: Fly out, F8 (Flyball, 8RM, EV 92.5 MPH)
|
Batting: RHB Ken Hillman
|
0-0: Foul Ball, location: 2F 0-1: Foul Ball, location: 2F 0-2: Ball 1-2: Ball 2-2: Ball 3-2: Ground out 2-3 (Groundball, 15S, EV 73.1 MPH)
|
Batting: RHB Issac Konol
|
0-0: Foul Ball, location: 2F 0-1: Ball 1-1: Called Strike 1-2: Ball 2-2: Ground out 5-3 (Groundball, 56, EV 104.4 MPH)
|
Bottom of the 1st over - 0 runs, 0 hits, 0 errors, 0 left on base; University of North Carolina at Chapel Hill 0 - UCLA 0 |
TOP OF THE 2ND |
University of North Carolina at Chapel Hill Tar Heels batting - Pitching for UCLA Bruins : LHP Tyler Finn
|
Batting: SHB Sam Fredrick
|
0-0: Foul Ball, location: 2F 0-1: Foul Ball, location: 2F 0-2: Foul Ball, location: 2F 0-2: Ball 1-2: Foul Ball, location: 2F 1-2: Ball 2-2: SINGLE (Flyball, 9S, EV 92.5 MPH)
|
Batting: RHB Tony Jennings
|
0-0: Called Strike 0-1: Swinging Strike 0-2: Strikes out swinging
|
Batting: RHB Mike Storey
|
0-0: Ball 1-0: Foul Ball, location: 2F 1-1: 2-RUN HOME RUN (Flyball, 78XD, EV 111.9 MPH), Distance : 428 ft
|
Batting: RHB Kyle Franken
|
0-0: Ball 1-0: Ball 2-0: Called Strike 2-1: Called Strike 2-2: SINGLE (Flyball, 34D, EV 88.8 MPH)
|
Batting: RHB Brandon Wilson
|
0-0: Ball 1-0: Foul Ball, location: 2F 1-1: Ball 2-1: Foul Ball, location: 2F 2-2: Ball 3-2: Strikes out swinging
|
Batting: RHB Bill Atley
|
0-0: Ball 1-0: Ball 2-0: Foul Ball, location: 2F 2-1: Foul Ball, location: 2F 2-2: Ball 3-2: Strikes out swinging
|
Top of the 2nd over - 2 runs, 3 hits, 0 errors, 1 left on base; University of North Carolina at Chapel Hill 2 - UCLA 0 |
BOTTOM OF THE 2ND |
UCLA Bruins batting - Pitching for University of North Carolina at Chapel Hill Tar Heels : RHP Berry Dow
|
Batting: RHB Andy Knerr
|
0-0: Ground out 5-3 (Groundball, 5S, EV 91.2 MPH)
|
Batting: LHB Scott Mullett
|
0-0: Ball 1-0: Foul Ball, location: 2F 1-1: Ball 2-1: Foul Ball, location: 2F 2-2: DOUBLE (Line Drive, 3D, EV 98.8 MPH)
|
Batting: RHB Dave Spradley
|
0-0: Foul Ball, location: 2F 0-1: Swinging Strike 0-2: SINGLE (Groundball, 4D, EV 96.2 MPH) Scott Mullett to third
|
Batting: RHB Adam Beal
|
0-0: Ball 1-0: Ball 2-0: Called Strike 2-1: Called Strike 2-2: Grounds into double play, 5-4-3 (Groundball, 56S, EV 88.1 MPH)
|
Bottom of the 2nd over - 0 runs, 2 hits, 0 errors, 1 left on base; University of North Carolina at Chapel Hill 2 - UCLA 0 |
TOP OF THE 3RD |
University of North Carolina at Chapel Hill Tar Heels batting - Pitching for UCLA Bruins : LHP Tyler Finn
|
Batting: LHB Ryan Young
|
0-0: Fly out, F7 (Line Drive, 7D, EV 91.9 MPH)
|
Batting: RHB Tan Halit
|
0-0: Called Strike 0-1: Ball 1-1: Ground out 4-3 (Groundball, 4, EV 85.0 MPH)
|
Batting: SHB Jim Saxon
|
0-0: Called Strike 0-1: Swinging Strike 0-2: Foul Ball, location: 2F 0-2: Ball 1-2: Strikes out swinging
|
Top of the 3rd over - 0 runs, 0 hits, 0 errors, 0 left on base; University of North Carolina at Chapel Hill 2 - UCLA 0 |
BOTTOM OF THE 3RD |
UCLA Bruins batting - Pitching for University of North Carolina at Chapel Hill Tar Heels : RHP Berry Dow
|
Batting: RHB Alejandro Patron
|
0-0: Fly out, F2 (Popup, 23F, EV 82.5 MPH)
|
Batting: RHB Michael Alvarado
|
0-0: Ball 1-0: Called Strike 1-1: DOUBLE (Line Drive, 9LD, EV 101.9 MPH)
|
Batting: LHB Luis Ortegon
|
0-0: Called Strike 0-1: Ball 1-1: Swinging Strike 1-2: Fly out, F5 (Popup, 56S, EV 70.6 MPH)
|
Batting: RHB Ken Hillman
|
0-0: Swinging Strike 0-1: Ball 1-1: Reached on error, E4 (Groundball, 4, EV 96.2 MPH) Michael Alvarado scores
|
Batting: RHB Issac Konol
|
0-0: Ball 1-0: Ball 2-0: Called Strike 2-1: Foul Ball, location: 2F 2-2: Strikes out swinging
|
Bottom of the 3rd over - 1 run, 1 hit, 1 error, 1 left on base; University of North Carolina at Chapel Hill 2 - UCLA 1 |
TOP OF THE 4TH |
University of North Carolina at Chapel Hill Tar Heels batting - Pitching for UCLA Bruins : LHP Tyler Finn
|
Batting: SHB Sam Fredrick
|
0-0: Called Strike 0-1: Ball 1-1: Ball 2-1: Swinging Strike 2-2: Ball 3-2: Foul Ball, location: 2F 3-2: Ground out 4-3 (Groundball, 4, EV 84.4 MPH)
|
Batting: RHB Tony Jennings
|
0-0: Called Strike 0-1: Called Strike 0-2: Strikes out swinging
|
Batting: RHB Mike Storey
|
0-0: Ball 1-0: Ball 2-0: Called Strike 2-1: Ground out 6-3 (Groundball, 6, EV 87.5 MPH)
|
Top of the 4th over - 0 runs, 0 hits, 0 errors, 0 left on base; University of North Carolina at Chapel Hill 2 - UCLA 1 |
BOTTOM OF THE 4TH |
UCLA Bruins batting - Pitching for University of North Carolina at Chapel Hill Tar Heels : RHP Berry Dow
|
Batting: RHB Andy Knerr
|
0-0: Called Strike 0-1: Called Strike 0-2: Foul Ball, location: 2F 0-2: Ball 1-2: Strikes out swinging
|
Batting: LHB Scott Mullett
|
0-0: Called Strike 0-1: Foul Ball, location: 2F 0-2: SINGLE (Line Drive, 4MD, EV 94.4 MPH)
|
Batting: RHB Dave Spradley
|
0-0: Ball 1-0: Ball 2-0: Called Strike 2-1: Foul Ball, location: 2F 2-2: Ball 3-2: Base on Balls Scott Mullett to second
|
Batting: RHB Adam Beal
|
0-0: Ball 1-0: Ball 2-0: Called Strike 2-1: Grounds into double play, 4-6-3 (Groundball, 4, EV 111.2 MPH)
|
Bottom of the 4th over - 0 runs, 1 hit, 0 errors, 1 left on base; University of North Carolina at Chapel Hill 2 - UCLA 1 |
TOP OF THE 5TH |
University of North Carolina at Chapel Hill Tar Heels batting - Pitching for UCLA Bruins : LHP Tyler Finn
|
Batting: RHB Kyle Franken
|
0-0: Ball 1-0: Ball 2-0: Ball 3-0: Called Strike 3-1: Base on Balls
|
Batting: RHB Brandon Wilson
|
0-0: Swinging Strike 0-1: Ball 1-1: Foul Ball, location: 2F 1-2: Strikes out looking
|
Pitching: RHP Luis de Jesus
|
|
Batting: RHB Bill Atley
|
0-0: Ball 1-0: Ball 2-0: Foul Ball, location: 2F 2-1: Foul Ball, location: 2F 2-2: Ball 3-2: Strikes out looking
|
Batting: LHB Ryan Young
|
0-0: Ball 1-0: Ball 2-0: Ground out 4-3 (Groundball, 4S, EV 91.9 MPH)
|
Top of the 5th over - 0 runs, 0 hits, 0 errors, 1 left on base; University of North Carolina at Chapel Hill 2 - UCLA 1 |
BOTTOM OF THE 5TH |
UCLA Bruins batting - Pitching for University of North Carolina at Chapel Hill Tar Heels : RHP Berry Dow
|
Batting: RHB Alejandro Patron
|
0-0: Ball 1-0: Fly out, F7 (Flyball, 78S, EV 89.4 MPH)
|
Batting: RHB Michael Alvarado
|
0-0: Ball 1-0: Called Strike 1-1: Ball 2-1: Ball 3-1: Swinging Strike 3-2: Fly out, F7 (Flyball, 7LS, EV 81.2 MPH)
|
Batting: LHB Luis Ortegon
|
0-0: Called Strike 0-1: Ground out 6-3 (Groundball, 6S, EV 82.5 MPH)
|
Bottom of the 5th over - 0 runs, 0 hits, 0 errors, 0 left on base; University of North Carolina at Chapel Hill 2 - UCLA 1 |
TOP OF THE 6TH |
University of North Carolina at Chapel Hill Tar Heels batting - Pitching for UCLA Bruins : RHP Luis de Jesus
|
Batting: RHB Tan Halit
|
0-0: Called Strike 0-1: Called Strike 0-2: Strikes out swinging
|
Batting: SHB Jim Saxon
|
0-0: Called Strike 0-1: Swinging Strike 0-2: Ball 1-2: Foul Ball, location: 2F 1-2: Ball 2-2: Ball 3-2: Foul Ball, location: 2F 3-2: Base on Balls
|
Pitching: LHP Brad Victor
|
|
Batting: SHB Sam Fredrick
|
0-0: Ball 1-0: Fly out, F9 (Flyball, 9S, EV 73.8 MPH)
|
Batting: RHB Tony Jennings
|
0-0: Swinging Strike 0-1: Called Strike 0-2: Ball 1-2: Foul Ball, location: 2F 1-2: Foul Ball, location: 2F 1-2: Strikes out looking
|
Top of the 6th over - 0 runs, 0 hits, 0 errors, 1 left on base; University of North Carolina at Chapel Hill 2 - UCLA 1 |
BOTTOM OF THE 6TH |
UCLA Bruins batting - Pitching for University of North Carolina at Chapel Hill Tar Heels : RHP Berry Dow
|
Batting: RHB Ken Hillman
|
0-0: Ball 1-0: Ball 2-0: Ball 3-0: Base on Balls
|
Batting: RHB Issac Konol
|
0-0: Foul Ball, location: 2F 0-1: Fielders Choice at 2nd, 2-4 (Groundball, 15S, EV 72.5 MPH)
|
Batting: RHB Andy Knerr
|
0-0: Ball 1-0: DOUBLE (Line Drive, 7LS, EV 101.2 MPH) Issac Konol to third
|
Pitching: RHP Vince Sumpter
|
|
Batting: LHB Scott Mullett
|
0-0: Ball 1-0: Ball 2-0: Swinging Strike 2-1: Ball 3-1: Base on Balls
|
Batting: RHB Dave Spradley
|
0-0: Called Strike 0-1: SINGLE (Groundball, 6MD, EV 106.2 MPH) Issac Konol scores Andy Knerr to third Scott Mullett to second Runner from 3rd tries for Home, SAFE, throw by CF to home
|
Batting: RHB Adam Beal
|
0-0: Ball 1-0: DOUBLE (Line Drive, 89D, EV 107.5 MPH) Scott Mullett scores Dave Spradley to third
|
Batting: RHB Alejandro Patron
|
0-0: Ball 1-0: Ball 2-0: Reached on error, E5 (Groundball, 56, EV 100.0 MPH) Dave Spradley scores Adam Beal to third
|
Batting: RHB Michael Alvarado
|
0-0: Foul Ball, location: 2F 0-1: 3-RUN HOME RUN (Flyball, 9LD, EV 94.4 MPH), Distance : 334 ft
|
Pitching: RHP Didier Pages
|
|
Batting: LHB Luis Ortegon
|
0-0: Ball 1-0: SINGLE (Line Drive, 89S, EV 102.5 MPH)
|
Batting: RHB Ken Hillman
|
0-0: Ball 1-0: SINGLE (Flyball, 7S, EV 88.1 MPH) Luis Ortegon to second
|
Batting: RHB Issac Konol
|
0-0: Ball 1-0: Ball 2-0: DOUBLE (Flyball, 8LXD, EV 104.4 MPH) Luis Ortegon scores Ken Hillman to third
|
Batting: RHB Andy Knerr
|
0-0: Ball 1-0: Ball 2-0: Called Strike 2-1: Foul Ball, location: 2F 2-2: Ball 3-2: Fly out, F7 (Flyball, 78S, EV 83.8 MPH) Runner from 3rd tags up, OUT at HOME! 7-2
|
Bottom of the 6th over - 8 runs, 7 hits, 1 error, 1 left on base; University of North Carolina at Chapel Hill 2 - UCLA 9 |
TOP OF THE 7TH |
University of North Carolina at Chapel Hill Tar Heels batting - Pitching for UCLA Bruins : LHP Brad Victor
|
Batting: RHB Mike Storey
|
0-0: Called Strike 0-1: Ground out 6-3 (Groundball, 6, EV 83.8 MPH)
|
Batting: RHB Kyle Franken
|
0-0: Ball 1-0: Swinging Strike 1-1: Foul Ball, location: 2F 1-2: Strikes out looking
|
Batting: RHB Brandon Wilson
|
0-0: Called Strike 0-1: Foul Ball, location: 2F 0-2: Ball 1-2: Ball 2-2: Fly out, F8 (Line Drive, 8RM, EV 104.4 MPH)
|
Top of the 7th over - 0 runs, 0 hits, 0 errors, 0 left on base; University of North Carolina at Chapel Hill 2 - UCLA 9 |
BOTTOM OF THE 7TH |
UCLA Bruins batting - Pitching for University of North Carolina at Chapel Hill Tar Heels : RHP Didier Pages
|
Batting: LHB Scott Mullett
|
0-0: Called Strike 0-1: Foul Ball, location: 2F 0-2: Ball 1-2: Ball 2-2: DOUBLE (Line Drive, 7LM, EV 101.9 MPH)
|
Batting: RHB Dave Spradley
|
0-0: Swinging Strike 0-1: Ball 1-1: Ball 2-1: Swinging Strike 2-2: Strikes out looking
|
Batting: RHB Adam Beal
|
0-0: Ground out 1-3 (Groundball, P, EV 66.2 MPH) Scott Mullett to third
|
Batting: RHB Alejandro Patron
|
0-0: Swinging Strike 0-1: Swinging Strike 0-2: Ball 1-2: Foul Ball, location: 2F 1-2: Ball 2-2: Foul Ball, location: 2F 2-2: Strikes out swinging
|
Bottom of the 7th over - 0 runs, 1 hit, 0 errors, 1 left on base; University of North Carolina at Chapel Hill 2 - UCLA 9 |
TOP OF THE 8TH |
University of North Carolina at Chapel Hill Tar Heels batting - Pitching for UCLA Bruins : LHP Brad Victor
|
Pitching: LHP Kenny Coolbaugh
|
|
Batting: RHB Bill Atley
|
0-0: Called Strike 0-1: Swinging Strike 0-2: Strikes out swinging
|
Batting: LHB Ryan Young
|
0-0: Called Strike 0-1: Ball 1-1: Swinging Strike 1-2: Strikes out swinging
|
Batting: RHB Tan Halit
|
0-0: Ball 1-0: Ball 2-0: Called Strike 2-1: Ball 3-1: Foul Ball, location: 2F 3-2: Foul Ball, location: 2F 3-2: Ground out 4-3 (Groundball, 4, EV 83.8 MPH)
|
Top of the 8th over - 0 runs, 0 hits, 0 errors, 0 left on base; University of North Carolina at Chapel Hill 2 - UCLA 9 |
BOTTOM OF THE 8TH |
UCLA Bruins batting - Pitching for University of North Carolina at Chapel Hill Tar Heels : RHP Didier Pages
|
Pitching: RHP Bobby Franco
|
|
Batting: RHB Michael Alvarado
|
0-0: Ball 1-0: Ball 2-0: SINGLE (Groundball, 6MD, EV 100.6 MPH) (infield hit)
|
Batting: LHB Luis Ortegon
|
0-0: SINGLE (Flyball, 4D, EV 93.1 MPH) Michael Alvarado to second
|
Batting: RHB Ken Hillman
|
0-0: Ball 1-0: Ball 2-0: Fly out, F9 (Flyball, 9, EV 89.4 MPH)
|
Batting: RHB Issac Konol
|
0-0: Ball 1-0: Ball 2-0: Reached on error, E8 (Flyball, 8RD, EV 92.5 MPH) Michael Alvarado to third Luis Ortegon to second
|
Batting: RHB Andy Knerr
|
0-0: Ball 1-0: Ball 2-0: Ball 3-0: Base on Balls Michael Alvarado scores Luis Ortegon to third Issac Konol to second
|
Pitching: LHP Andrew Lowe
|
|
Batting: LHB Scott Mullett
|
0-0: Ball 1-0: SINGLE (Groundball, 4M, EV 96.9 MPH) (infield hit) Luis Ortegon scores Issac Konol to third Andy Knerr to second
|
Batting: RHB Dave Spradley
|
0-0: Reached on error, E4 (Groundball, 4, EV 88.8 MPH) Issac Konol scores Andy Knerr to third Scott Mullett to second
|
Batting: RHB Adam Beal
|
0-0: Foul Ball, location: 2F 0-1: Ball 1-1: Fly out, F8 (Flyball, 8LD, EV 87.5 MPH) Runner from 3rd tags up, SCORES, throw by CF Scott Mullett to third
|
Batting: RHB Alejandro Patron
|
0-0: Ball 1-0: SINGLE (Groundball, 34D, EV 107.5 MPH) Scott Mullett scores Dave Spradley to second Runner from 2nd tries for 3rd, SAFE, throw by RF made to third
|
Batting: RHB Michael Alvarado
|
0-0: Called Strike 0-1: Ball 1-1: DOUBLE (Line Drive, 89D, EV 102.5 MPH) Dave Spradley scores Alejandro Patron to third
|
Batting: LHB Luis Ortegon
|
0-0: Ball 1-0: Called Strike 1-1: Ball 2-1: Ball 3-1: Base on Balls
|
Batting: RHB Ken Hillman
|
0-0: DOUBLE (Line Drive, 89D, EV 113.1 MPH) Alejandro Patron scores Michael Alvarado scores Luis Ortegon to third Runner from 3rd tries for Home, SAFE, throw by CF to home
|
Pitching: RHP Alex Aldaya
|
|
Batting: RHB Issac Konol
|
0-0: SINGLE (Flyball, 8RS, EV 91.9 MPH) Ken Hillman to third Runner from 3rd tries for Home, SAFE, throw by CF to home
|
Batting: RHB Andy Knerr
|
0-0: Foul Ball, location: 2F 0-1: Swinging Strike 0-2: Ball 1-2: Ball 2-2: Strikes out swinging
|
Bottom of the 8th over - 10 runs, 7 hits, 2 errors, 1 left on base; University of North Carolina at Chapel Hill 2 - UCLA 19 |
TOP OF THE 9TH |
University of North Carolina at Chapel Hill Tar Heels batting - Pitching for UCLA Bruins : LHP Kenny Coolbaugh
|
Batting: SHB Jim Saxon
|
0-0: Called Strike 0-1: Called Strike 0-2: Foul Ball, location: 2F 0-2: Foul Ball, location: 2F 0-2: Ball 1-2: Strikes out swinging
|
Batting: SHB Sam Fredrick
|
0-0: Ball 1-0: Swinging Strike 1-1: Called Strike 1-2: Foul Ball, location: 2F 1-2: Ball 2-2: Foul Ball, location: 2F 2-2: Strikes out swinging
|
Batting: RHB Tony Jennings
|
0-0: Called Strike 0-1: Ball 1-1: Ball 2-1: Ground out 5-3 (Groundball, 56S, EV 83.8 MPH)
|
Top of the 9th over - 0 runs, 0 hits, 0 errors, 0 left on base; University of North Carolina at Chapel Hill 2 - UCLA 19 |
|